 Dungeon Crawl Stone Soup version 0.30-a0-4-ga7cffc901d (webtiles) character file.

Game seed: 11504299870497994250

2656 SensoryNuts the Cleaver (level 9, 0/74 HPs)
             Began as a Demonspawn Fighter on Aug 20, 2022.
             Was an Initiate of Gozag.
             Slain by a gnoll
             ... wielding a +0 flail
              (3 damage)
             ... on level 5 of the Dungeon.
             The game lasted 00:08:37 (8666 turns).

SensoryNuts the Cleaver (Demonspawn Fighter)        Turns: 8666, Time: 00:08:38

Health: 0/74       AC: 15    Str: 20    XL:     9   Next: 36%
Magic:  9/9        EV:  6    Int:  9    God:    Gozag
Gold:   657        SH:  5    Dex: 16    Spells: 8/8 levels left

rFire   . . .      SeeInvis .    a - +0 war axe
rCold   . . .      Faith    .    c - +0 buckler
rNeg    . . .      Spirit   .    l - +0 plate armour
rPois   .          Reflect  .    e - +2 hat
rElec   .          Harm     .    i - +0 cloak
rCorr   .          Rampage  .    (no gloves)
Will    +....                    (no boots)
Stlth   ..........               (no amulet)
HPRegen 0.22/turn                (no ring)
MPRegen 0.11/turn                (no ring)

@: lethally poisoned (0 -> -28), invisible
A: powered by pain 1, demonic touch 1, talons 1, agile 1, strong-willed 1,
robust 1, MP-powered wands
a: Renounce Religion, Potion Petition, Call Merchant, Bribe Branch


You were on level 5 of the Dungeon.
You worshipped Gozag.
Gozag was pleased with you.
You visited 2 branches of the dungeon, and saw 8 of its levels.
You also visited: Sewer.

You collected 771 gold pieces.
You paid 114 gold pieces to Gozag.

Inventory:

Hand Weapons
 a - a +0 war axe (weapon)
Missiles
 q - 2 throwing nets (quivered)
Armour
 b - a +0 scale mail
 c - a +0 buckler (worn)
 e - a +2 hat (worn)
 f - a scarf of shadows
 i - a +0 cloak (worn)
 l - a +0 plate armour (worn)
Jewellery
 g - a ring of protection from cold
Wands
 x - a wand of digging (7)
Scrolls
 d - a scroll of identify
 h - 2 scrolls of noise
 k - 2 scrolls of magic mapping
 m - a scroll of summoning
 r - a scroll of fog
Potions
 j - 2 potions of magic
 n - 2 potions of heal wounds
 o - a potion of haste
 p - a potion of flight {unknown}
 s - a potion of degeneration {unknown}
 t - a potion of resistance
 u - a potion of brilliance {unknown}
 v - 2 potions of invisibility
 w - a potion of berserk rage {unknown}


   Skills:
 + Level 5.5 Fighting
 * Level 9.6 Axes
 + Level 5.3 Armour
 + Level 0.5 Dodging
 + Level 1.1 Stealth
 + Level 3.7 Shields


You had 8 spell levels left.
You didn't know any spells.
Your spell library contained the following spells:

 Spells                   Type           Power      Damage    Failure   Level
 Dispel Undead            Necr           0%         3d6       100%        4
 Death Channel            Necr           0%         N/A       100%        6
 Corpse Rot               Necr/Pois/Air  Unusable   N/A       N/A         4

Dungeon Overview and Level Annotations

Branches:
Dungeon (7/15)             Temple (1/1) D:7           Sewer (visited)

Altars:
Ashenzari
Cheibriados
Dithmenos
Fedhas
Gozag
Hepliaklqana
Kikubaaqudgha
Makhleb
Nemelex Xobeh
Okawaru
Ru
Trog
Uskayaw
Vehumet
Wu Jian
Xom

Shops:
D:6 :

Annotations:
D:5 1 transporter, gelatine's ghost, amateur DsVM


Innate Abilities, Weirdness & Mutations

You sometimes gain a little power by taking damage.
Your touch may inflict minor irresistible damage on your foes.
You have sharp toenails.
You are agile. (Dex +4, Str/Int -1)
You are strong-willed. (Will+)
You are robust. (+10% HP)
You expend magic power (3 MP) to strengthen your wands.


Message History

The gnoll hits you but does no damage.
The gnoll zaps a wand.
The puff of flame hits you. Gelatine's ghost barely misses you.
The gnoll barely misses you. x2
Okay, then.
As you read the scroll of summoning, it crumbles to dust.
Wisps of shadow whirl around you...
The gnoll hits you with a +2 halberd of venom!!
You are poisoned.
The gnoll hits you with a +0 flail.
The gnoll zaps a wand.
The puff of flame hits you but does no damage.
You block gelatine's ghost's attack. The gnoll barely misses you.
The gnoll hits you with a +2 vampiric spear!
Okay, then.
Okay, then.
You fade into invisibility!
You feel very sick.
The gnoll hits you with a +2 halberd of venom.
You are lethally poisoned!
The gnoll hits you with a +0 flail. The gnoll hits you but does no damage.
The gnoll sergeant hits you from afar with a +2 trident of flaming!
* * * LOW HITPOINT WARNING * * *
The gnoll sergeant burns you!
* * * LOW HITPOINT WARNING * * *
The gnoll zaps a wand.
The puff of flame hits you but does no damage.
The gnoll hits you with a +0 flail.
* * * LOW HITPOINT WARNING * * *
Gelatine's ghost gestures at you while chanting.
The sting hits you but does no damage.
You are more poisoned.
Your scorpion completely misses the gnoll.
Your orc barely misses gelatine's ghost.
You feel much better.
* * * LOW HITPOINT WARNING * * *
You feel extremely sick.
The gnoll hits you with a +2 halberd of venom!
* * * LOW HITPOINT WARNING * * *
The gnoll hits you with a +0 flail.
You die...
Your body crumbles into a pile of gold.

....≈≈≈≈≈≈≈≈≈≈≈≈~≈≈≈≈≈≈≈≈≈≈≈≈....
....≈≈≈≈≈≈≈≈≈≈≈≈~≈≈≈≈≈≈≈≈≈≈≈≈....
....≈≈#####...........#####≈≈....
....≈≈#.#.#.###.©.###.#.#.#≈≈...#
....≈≈#...###.#####.###...#≈≈..##
....≈≈###.......o.......###≈≈...#
....≈≈.8#.######o######.#8.≈≈...#
....≈≈.##.#.⌠.#gW8# .#.##.≈≈..#.
>...~~.#..'...sg@g# $ .g#.~~..#.
....≈≈.##.#.⌠.#gg8# $ .##.≈≈....
....≈≈.8#.######g## #.#8.≈≈.#.#
....≈≈###......ggg. . ..###≈≈...#
.#..≈≈#...###g#####g###.Wg#≈≈..##
###.≈≈#.#.#.###.©.###.#W#g#≈≈..#.
###.≈≈#####...........#####≈≈....
#...≈≈≈≈≈≈≈≈≈≈≈...≈≈≈≈≈≈≈≈≈≈≈..#.
#.#.≈≈≈≈≈≈≈≈≈≈≈...≈≈≈≈≈≈≈≈≈≈≈..#.


You could see 2 gnoll sergeants, a gnoll bouda (unable to see you), gelatine's
ghost, 6 gnolls, a friendly scorpion (summoned) and 2 friendly orcs.

Vanquished Creatures
  Duvessa (D:5)
  An ice beast (D:6)
  2 sky beasts
  A black bear (D:5)
  2 phantoms
  3 kobold brigands
  2 bullfrogs (D:7)
  A necrophage (D:7)
  3 scorpions
  A gnoll sergeant (D:5)
  Dowan (D:5)
  3 orc priests
  2 jellies (D:5)
  2 gnoll boudas (D:6)
  3 hounds
  9 iguanas
  2 orc wizards (D:3)
  16 gnolls
  12 adders
  A white imp (D:7)
  An ufetubus (D:6)
  2 worms
  A dart slug (D:2)
  18 orcs
  10 bats
  8 endoplasms
  11 giant cockroaches
  13 goblins
  4 hobgoblins
  2 jackals (D:1)
  18 kobolds
  12 quokkas
  12 ball pythons
  4 frilled lizards
  7 rats
191 creatures vanquished.

Vanquished Creatures (collateral kills)
  The ghost of SensoryNuts the Poker, a novice OgGl (D:6)
1 creature vanquished.

Vanquished Creatures (others)
  A fungus (Sewer)
  11 plants
12 creatures vanquished.

Grand Total: 204 creatures vanquished

Notes
Turn   | Place    | Note
-------+----------+-------------------------------------------
     0 | D:1      | SensoryNuts the Demonspawn Fighter began the quest for the
                  | Orb.
     0 | D:1      | Reached XP level 1. HP: 18/18 MP: 1/1
    22 | D:1      | Gained mutation: Your touch may inflict minor irresistible
                  | damage on your foes. [demonic ancestry]
    22 | D:1      | Reached XP level 2. HP: 2/24 MP: 2/2
   547 | D:1      | Reached skill level 2 in Axes
   768 | D:1      | Reached XP level 3. HP: 24/29 MP: 3/3
  1093 | D:1      | Gained mutation: You are agile. (Dex +4, Str/Int -1)
                  | [potion of mutation]
  1093 | D:1      | Gained mutation: You are strong-willed. (Will+) [potion of
                  | mutation]
  1093 | D:1      | Gained mutation: You are robust. (+10% HP) [potion of
                  | mutation]
  1093 | D:1      | Gained mutation: You have hidden genetic potential. [potion
                  | of mutation]
  1625 | D:2      | Gained mutation: You sometimes gain a little power by
                  | taking damage. [demonic ancestry]
  1625 | D:2      | Reached XP level 4. HP: 38/38 MP: 4/4
  1812 | D:2      | Gained mutation: You have sharp toenails. [hidden
                  | potential]
  1878 | D:2      | Identified the +5 dagger of the Ghost {freeze, Drain Fly
                  | Will+++ Str-2}
  1889 | D:2      | Reached skill level 3 in Axes
  2383 | D:3      | Reached XP level 5. HP: 37/46 MP: 5/5
  2396 | D:3      | Gained mutation: You expend magic power (3 MP) to
                  | strengthen your wands. [hidden potential]
  2396 | D:3      | Lost mutation: You have hidden genetic potential. [hidden
                  | potential expressed]
  2956 | D:3      | Reached skill level 4 in Axes
  3257 | D:4      | Reached XP level 6. HP: 47/52 MP: 6/6
  3402 | D:4      | Found a glowing drain.
  3422 | Sewer    | Entered a sewer
  3464 | Sewer    | Reached skill level 5 in Axes
  3692 | Sewer    | Reached XP level 7. HP: 44/59 MP: 7/7
  3861 | D:4      | You fall into a shaft and drop 3 floors!
  3908 | D:7      | Found a staircase to the Ecumenical Temple.
  3944 | Temple   | Entered the Ecumenical Temple
  4135 | Temple   | Became a worshipper of Gozag Ym Sagoz the Greedy
  4438 | D:7      | Reached skill level 6 in Axes
  5162 | D:6      | Reached XP level 8. HP: 45/67 MP: 8/8
  5467 | D:6      | Reached skill level 7 in Axes
  5900 | D:6      | Reached skill level 5 in Fighting
  6179 | D:6      | Found Bigilaac's Book Shoppe.
  6265 | D:6      | Identified the +2 rapier "Ogrebane" {vorpal, Int+4}
  6367 | D:6      | Found a runed translucent gate.
  6369 | D:6      | Found a runed translucent gate.
  6369 | D:6      | Found a runed translucent gate.
  6373 | D:6      | Noticed SensoryNuts's ghost (novice OgGl)
  6753 | D:6      | Killed SensoryNuts's ghost
  6754 | D:6      | Reached skill level 8 in Axes
  6754 | D:6      | Reached skill level 5 in Armour
  7048 | D:5      | Entered Level 5 of the Dungeon
  7092 | D:5      | Reached XP level 9. HP: 68/74 MP: 9/9
  7507 | D:5      | Reached skill level 1 in Stealth
  7518 | D:5      | Reached skill level 9 in Axes
  7786 | D:5      | Noticed Dowan
  7787 | D:5      | Noticed Duvessa
  7798 | D:5      | Killed Duvessa
  7809 | D:5      | Killed Dowan
  8162 | D:5      | Identified the amulet of Moqeuzesyd {RegenMP rF+}
  8167 | D:5      | Found a transporter.
  8169 | D:5      | Found a transporter.
  8338 | D:5      | Noticed gelatine's ghost (amateur DsVM)
  8665 | D:5      | HP: 1/74 [gnoll/+0 flail (6)]
  8666 | D:5      | Slain by a gnoll

Illustrated notes

Levels and vault maps discovered:
D:1:      psy_arrival_radial01, layout_rooms
D:2:      layout_basic, serial_forest, infiniplex_forest_lined_2,
          infiniplex_forest_straight_3, infiniplex_forest_lined_ring,
          infiniplex_forest_clump_medium, infiniplex_forest_straight_3,
          infiniplex_forest_lined_1, infiniplex_forest_lined_2,
          infiniplex_forest_straight_2, minmay_misc_feat_roman
D:3:      layout_rooms
D:4:      layout_rooms, gup_sewer_entry_pipe, kennysheep_generic_room_14
D:5:      layout_cave_pools, gammafunk_ghost_gnarly_gnolls,
          minmay_misc_feat_rows, nicolae_sextant, lightli_minifort, uniq_duvessa
D:6:      layout_loops_ring, ebering_ghost_rock_garden, serial_shops,
          nicolae_lakefront_shop, lightli_orcish_oven
D:7:      layout_basic, minmay_temple_entry_stoned_glass, enter_bailey_3
Temple:   compressed_dpeg_triangle_lava_temple

Skill      XL: |  1  2  3  4  5  6  7  8  9 |
---------------+----------------------------+-----
Axes           | 2 3 4 5 6 8 9 |  9.6
Armour         | 3 4 5 |  5.3
Shields        | 3 |  3.7
Fighting       | 4 5 |  5.5
Stealth        | 1 |  1.1
Dodging        | |  0.5

Action                   |  1- 3 |  4- 6 |  7- 9 || total
-------------------------+-------+-------+-------++-------
Melee: War axe           |    96 |   193 |   296 ||   585
       Kick              |       |    42 |    98 ||   140
  Use: Scroll            |     2 |     4 |     4 ||    10
       Potion            |     1 |     4 |     7 ||    12
 Stab: Distracted        |       |       |     2 ||     2
Armor: Scale mail        |    58 |     1 |       ||    59
       Plate armour      |       |   168 |   255 ||   423
Dodge: Dodged            |    48 |    58 |    80 ||   186
Block: Buckler           |    38 |    45 |    58 ||   141

Table legend: (Time is in decaauts)
 A = Elapsed time spent in this place.
 B = Non-inter-level travel time spent in this place.
 C = Inter-level travel time spent in this place.
 D = Time resting spent in this place.
 E = Time spent auto-exploring this place.
 F = Levels seen in this place.
 G = Mean time per level.
                   A        B        C        D        E       F      G
               +--------+--------+--------+--------+--------+-----+--------+
         Total |   8856 |   8436 |    420 |    384 |   6511 |   9 |  984.0 |
       Dungeon |   7960 |   7548 |    412 |    384 |   5759 |   7 | 1137.1 |
        Temple |    441 |    433 |      8 |      0 |    413 |   1 |  441.0 |
         Sewer |    453 |    453 |      0 |      0 |    338 |   1 |  453.0 |
               +--------+--------+--------+--------+--------+-----+--------+

Top non-repeatable levels by time:
     D:6: 1960 daAuts
     D:5: 1627 daAuts
     D:1: 1238 daAuts
     D:3: 1065 daAuts
     D:2: 1018 daAuts
     D:7: 831 daAuts
   Sewer: 453 daAuts
  Temple: 441 daAuts
     D:4: 218 daAuts
